Map: Cyber Forest LE

Players

Harstem

  • Race: Protoss Protoss
  • League: Grandmaster
  • Spawn Location: 5:00

A.I. 1 (Very Easy) - Winner!

  • Race: Zerg Zerg
  • Spawn Location: 11:00

VOD

https://www.youtube.com/watch?v=EZ5OTkGQogY&t=68s

Description

Harstem PvZ dt drop

Time

  • Played on: May 12, 2019, 3:55 p.m.
  • Length: 7:29
Show
View Real Time Build Order
Export as new Build Order

Harstem Protoss 

Build Orders: 1 Gate Expand, Zealot Archon, Archon Drop, Dark Templar Rush 

Get SALT Encoding   

  12  0:01  Probe  
  13  0:13  Probe  
  14  0:18  Pylon  
  14  0:25  Probe  
  15  0:33  Probe  
  15  0:39  Gateway  
  15  0:41  Probe  
  16  0:47  Assimilator  
  17  0:51  Probe  
  18  1:03  Probe  
  19  1:15  Probe  
  20  1:26  Nexus  
  20  1:33  Cybernetics Core  
  20  1:38  Probe  
  21  1:42  Assimilator  
  21  1:50  Probe  
  21  1:52  Pylon  
  22  2:00  Adept  
  22  2:02  Probe  
  23  2:12  Warp Gate  
  23  2:14  Probe  
  26  2:20  Stalker  
  26  2:22  Twilight Council  
  26  2:26  Probe  
  29  2:38  Probe x2  
  31  2:48  Robotics Facility  
  31  2:50  Probe  
  32  2:53  Probe  
  33  2:59  Probe  
  33  3:05  Probe  
  35  3:07  Probe  
  36  3:16  Probe  
  36  3:17  Probe, Dark Shrine  
  38  3:20  Gateway  
  38  3:29  Warp Prism  
  40  3:34  Gateway  
  40  3:35  Gateway  
  40  3:42  Probe  
  40  3:43  Probe  
  40  3:46  Assimilator  
  42  3:50  Assimilator  
  42  3:54  Probe  
  43  3:56  Pylon  
  43  3:57  Probe  
  44  4:03  Pylon  
  44  4:06  Probe  
  44  4:07  Probe  
  46  4:15  Probe  
  46  4:18  Probe  
  48  4:24  Probe  
  48  4:30  Dark Templar x4  
  57  4:32  Probe  
  57  4:35  Probe  
  59  4:44  Pylon  
  59  4:48  Observer  
  59  4:52  Nexus  
  59  4:56  Archon  
  59  4:57  Archon, Immortal  
  60  5:00  Forge  
  60  5:10  Sentry x2  
  60  5:13  Pylon  
  68  5:15  Probe  
  68  5:17  Probe  
  70  5:25  Immortal  
  70  5:27  Protoss Ground Weapons Level 1  
  70  5:31  Probe x2  
  70  5:33  Charge  
  76  5:43  Probe x2  
  78  5:54  Immortal  
  78  5:56  Gateway x2  
  78  6:01  Gateway  
  78  6:03  Gateway  
  78  6:09  Probe  
  78  6:10  Probe  
  84  6:12  Sentry  
  84  6:13  Sentry  
  84  6:16  Pylon  
  88  6:19  Probe  
  88  6:20  Sentry  
  88  6:22  Pylon  
  91  6:29  Sentry  
  91  6:31  Pylon  
  93  6:36  Zealot x2  
  93  6:37  Probe  
  98  6:42  Pylon  
  98  6:43  Pylon  
  98  6:46  Probe  
  99  6:50  Zealot  
  101  6:54  Zealot x3  
  101  6:56  Zealot x3  
  101  6:58  Zealot  
  115  7:10  Zealot  
  115  7:11  Probe x2  
  115  7:13  Pylon  
  119  7:16  Zealot x3  
  119  7:19  Zealot x2  
  129  7:27  Pylon  
Show
View Real Time Build Order
Export as new Build Order

A.I. 1 (Very Easy) Zerg - Winner!

Build Orders: Pool First 

Get SALT Encoding   

  12  0:01  Drone  
  13  0:12  Overlord  
  13  0:16  Drone  
  14  0:36  Spawning Pool  
  14  0:37  Extractor  
  14  0:40  Drone  
  13  0:47  Drone  
  14  0:53  Overlord  
  14  1:23  Zergling x2  
  14  1:24  Queen  
  17  1:33  Roach Warren  
  17  1:37  Drone  
  17  1:40  Extractor  
  17  1:44  Drone  
  17  1:49  Zergling x2  
  18  2:04  Drone  
  19  2:11  Drone  
  20  2:15  Zergling x2  
  20  2:20  Drone  
  22  2:31  Overlord  
  22  2:34  Drone  
  23  2:41  Drone  
  23  2:42  Roach  
  26  2:53  Drone  
  26  5:36  Zergling x2  
  25  6:04  Zergling x2  
  26  6:33  Roach  
  28  7:01  Zergling x2  
  29  7:12  Drone  
  30  7:19  Hatchery  
Tags
 
Add a new tag
Caveats
  • Supply blocks, unpowered buildings, or Contaminate may cause inaccurate times.
  • Supply counts are checked every 10 seconds.